Map: Rhoskallian LE

Players

Massa - Winner!

  • Race: Terran Terran
  • League: Platinum
  • Spawn Location: 6:00

qqq - Winner!

  • Race: Zerg Zerg
  • Spawn Location: 5:00

DruS

  • Race: Zerg Zerg
  • League: Master
  • Spawn Location: 11:00

BlAcKRaPtOr

  • Race: Terran Terran
  • Spawn Location: 12:00

VOD

Have the link to the VOD?

Description

Time

  • Played on: March 25, 2021, 5:23 p.m.
  • Length: 18:22
Show
View Real Time Build Order
Export as new Build Order

Massa Terran - Winner!

Build Orders: Liberator Opening 

Get SALT Encoding   

  12  0:00  SCV  
  13  0:12  SCV  
  14  0:21  Supply Depot  
  14  0:24  SCV  
  15  0:43  SCV  
  15  0:44  Barracks  
  15  0:48  Refinery  
  16  0:55  SCV  
  17  1:07  SCV  
  18  1:19  SCV  
  18  1:21  Refinery  
  19  1:31  SCV  
  20  1:43  Command Center  
  20  1:52  Factory  
  20  1:58  SCV  
  21  2:05  Supply Depot  
  21  2:15  SCV  
  22  2:17  Barracks Reactor  
  22  2:28  Supply Depot  
  22  2:32  Orbital Command  
  24  2:46  Starport  
  22  2:59  Hellion x2  
  22  3:04  SCV  
  22  3:05  SCV  
  28  3:32  Orbital Command  
  28  3:33  SCV, Supply Depot  
  29  3:39  Hellion, Medivac  
  29  3:40  Liberator  
  36  3:50  SCV  
  37  3:56  Barracks Tech Lab  
  37  4:00  Hellion  
  39  4:03  SCV x2  
  41  4:15  Marauder  
  41  4:16  SCV x2  
  45  4:21  Engineering Bay  
  35  4:47  SCV x2  
  35  4:48  Terran Infantry Weapons Level 1  
  37  4:56  Marauder  
  37  4:59  SCV  
  41  5:00  SCV  
  41  5:05  Starport Tech Lab  
  41  5:11  SCV, Stimpack  
  41  5:13  Widow Mine x2  
  46  5:17  Marauder  
  46  5:19  Barracks  
  48  5:34  Widow Mine x2  
  52  5:55  Marauder  
  54  6:01  Widow Mine x2  
  58  6:10  Barracks Reactor  
  58  6:14  Refinery  
  58  6:15  Refinery  
  58  6:16  Marauder  
  60  6:22  Widow Mine  
  54  6:27  Widow Mine  
  56  6:38  Marauder  
  58  6:44  Widow Mine  
  56  6:59  Marauder  
  58  7:05  SCV x2  
  60  7:11  Missile Turret  
  60  7:14  Barracks  
  60  7:17  SCV x2  
  60  7:20  Cloaking Field  
  62  7:25  Supply Depot x2  
  62  7:26  Supply Depot x2  
  62  7:28  Supply Depot  
  62  7:31  SCV, Marine  
  62  7:32  Missile Turret  
  62  7:35  SCV  
  61  7:43  Banshee  
  57  8:00  Widow Mine x2  
  57  8:01  Marauder, Marine x2  
  57  8:03  Combat Shield  
  65  8:05  Terran Infantry Armor Level 1  
  65  8:08  Armory  
  65  8:18  Barracks Reactor, Barracks  
  65  8:19  SCV x2, Barracks, Marine x2  
  69  8:21  Widow Mine x2  
  69  8:23  Marauder  
  75  8:31  SCV x2  
  77  8:37  Marine x2  
  79  8:43  Widow Mine x2, Marine  
  79  8:44  Command Center  
  79  8:47  Engineering Bay  
  84  8:49  Banshee  
  80  9:32  Missile Turret  
  80  9:36  Missile Turret  
  80  9:37  SCV x2  
  82  9:48  Widow Mine x2  
  82  9:49  SCV x2  
  82  9:50  Barracks Reactor, Barracks Tech Lab  
  82  9:51  Terran Infantry Weapons Level 2  
  88  10:01  SCV  
  89  10:10  Widow Mine  
  89  10:23  Marauder x2, Marine x2  
  89  10:24  Marine x2  
  79  10:41  Marine x3  
  79  10:42  Marine  
  79  10:45  Marauder x2, Medivac  
  79  10:47  Marine x2  
  79  10:48  Starport  
  87  10:52  Factory Tech Lab  
  87  10:56  Planetary Fortress  
  87  10:58  SCV x2  
  87  10:59  Marine x3  
  87  11:03  Missile Turret  
  92  11:06  Marauder x2  
  92  11:10  SCV  
  97  11:15  Medivac  
  97  11:18  SCV, Sensor Tower  
  100  11:22  SCV  
  101  11:26  Missile Turret  
  101  11:27  Marauder  
  101  11:28  Marauder  
  101  11:30  SCV  
  106  11:34  SCV  
  106  11:38  Siege Tank  
  101  11:54  Marauder x2, Marine x4  
  99  11:55  Marine  
  99  12:01  Medivac  
  99  12:10  Medivac x2, Siege Tank  
  99  12:15  Marauder x2  
  97  12:31  Medivac  
  97  12:32  Marine x2  
  97  12:36  Marauder  
  97  12:37  Marauder  
  105  12:40  Medivac x2  
  105  12:42  Siege Tank  
  92  12:54  Marine x6  
  92  12:58  Marauder x2  
  86  12:59  SCV x3  
  89  13:11  SCV x3  
  89  13:12  Terran Infantry Weapons Level 3, Marine x6  
  93  13:14  Siege Tank  
  93  13:19  Marauder x2  
  105  13:30  Marine x2  
  105  13:33  Refinery  
  107  13:38  Refinery  
  107  13:41  Marauder x2  
  111  13:59  Siege Tank  
  111  14:02  Marauder  
  113  14:08  Marine  
  113  14:09  Marauder, Marine  
  117  14:17  Supply Depot  
  117  14:18  Supply Depot  
  117  14:19  Marine x3, Supply Depot x2  
  117  14:22  Supply Depot  
  117  14:30  Marine, Medivac  
  117  14:31  Marine  
  117  14:33  Marauder, Marine  
  117  14:34  Marauder  
  117  14:35  Command Center, Siege Tank  
  117  14:37  Marine x3  
  91  14:48  Marine x2  
  91  14:51  Marine  
  94  14:55  Marauder x2, Marine x3  
  101  15:06  Marine  
  101  15:07  Marine, Siege Tank  
  88  15:09  Marine  
  88  15:11  Medivac x2  
  88  15:13  Marine x3  
  100  15:21  Terran Infantry Armor Level 2  
  100  15:25  Marauder, Marine x2  
  100  15:26  Marauder  
  100  15:27  Marine  
  107  15:30  Marine x2  
  109  15:39  Concussive Shells, Siege Tank  
  112  16:11  Siege Tank  
  115  16:18  Planetary Fortress  
  104  17:07  Siege Tank  
  109  17:08  Marauder, Marine  
  109  17:09  Marauder, Marine x3  
  116  17:30  SCV, Marauder x2  
  116  17:31  SCV x3  
  116  17:36  Raven  
  124  17:37  Medivac x2  
  124  17:39  Siege Tank  
  124  17:43  SCV x4  
  137  17:51  Marauder  
  137  17:55  SCV x2  
Show
View Real Time Build Order
Export as new Build Order

qqq Zerg - Winner!

Build Orders: Hatch First, Brood Lord Corruptor 

Get SALT Encoding   

  12  0:03  Drone  
  13  0:09  Drone  
  14  0:18  Overlord  
  14  0:47  Hatchery  
  13  0:51  Drone  
  13  0:54  Drone  
  15  0:58  Drone  
  16  1:14  Drone  
  16  1:15  Drone  
  18  1:26  Spawning Pool  
  18  1:28  Extractor  
  16  1:52  Drone x3  
  19  2:00  Drone  
  20  2:03  Drone  
  21  2:13  Queen x2  
  25  2:15  Drone  
  25  2:20  Overlord  
  26  2:29  Metabolic Boost  
  26  2:35  Drone  
  26  2:36  Drone  
  28  2:40  Drone x2  
  28  2:43  Drone  
  31  2:49  Overlord  
  31  2:53  Zergling x2  
  31  2:57  Zergling x2  
  33  3:04  Zergling x2  
  34  3:10  Zergling x2  
  35  3:18  Zergling x4  
  37  3:24  Baneling Nest  
  36  3:29  Drone, Roach Warren  
  36  3:30  Drone, Zergling x8  
  41  3:46  Evolution Chamber  
  40  3:51  Drone  
  40  3:52  Drone x2  
  40  3:53  Zergling x2  
  44  4:09  Lair  
  44  4:14  Overlord x4  
  44  4:19  Zerg Melee Weapons Level 1  
  44  4:35  Roach x3  
  50  4:50  Drone  
  50  4:52  Zergling x4, Roach x2  
  57  4:57  Baneling  
  57  4:59  Hatchery  
  54  5:11  Extractor  
  53  5:20  Queen  
  53  5:21  Drone x2, Zergling x4  
  57  5:22  Roach  
  57  5:26  Baneling x2  
  61  5:30  Drone  
  62  5:41  Baneling x2  
  62  5:42  Zergling x2, Overlord x2  
  63  5:43  Drone x2  
  63  5:47  Extractor  
  43  6:14  Zergling x4  
  43  6:15  Baneling x2  
  43  6:16  Roach x2  
  43  6:17  Zergling x6, Roach x2  
  56  6:21  Roach  
  58  6:26  Baneling x3  
  58  6:30  Zergling x4  
  58  6:31  Zergling x2  
  57  6:40  Roach x2  
  57  6:41  Roach  
  59  6:48  Roach  
  59  6:49  Roach  
  63  6:54  Drone x2  
  63  6:55  Drone x2  
  63  6:56  Queen  
  69  7:06  Extractor  
  69  7:08  Zergling x2, Overlord  
  69  7:09  Drone x4  
  69  7:12  Drone  
  73  7:31  Spire  
  73  7:36  Drone x7  
  79  7:39  Drone x3  
  82  7:46  Drone  
  82  7:47  Drone  
  84  7:58  Drone x2  
  84  7:59  Drone  
  84  8:04  Spore Crawler, Infestation Pit  
  85  8:06  Spore Crawler  
  80  8:20  Drone x2  
  80  8:21  Drone x4  
  80  8:22  Hatchery  
  80  8:23  Extractor x2  
  80  8:24  Drone  
  80  8:25  Drone  
  85  8:28  Overlord  
  85  8:41  Hive  
  85  8:43  Mutalisk x3  
  85  8:45  Mutalisk  
  93  8:56  Mutalisk x3  
  93  8:58  Drone  
  93  8:59  Drone, Zergling x2  
  93  9:00  Zergling x2  
  103  9:03  Roach  
  103  9:06  Overlord  
  103  9:07  Overlord  
  105  9:20  Overseer  
  105  9:30  Drone x4, Spore Crawler  
  108  9:33  Mutalisk x2  
  108  9:34  Mutalisk x2  
  116  9:41  Baneling  
  116  9:43  Baneling x3  
  116  9:45  Mutalisk  
  118  9:46  Drone x2  
  118  9:47  Zergling x8  
  124  9:55  Corruptor x2  
  128  10:12  Overlord x4  
  128  10:22  Greater Spire  
  128  10:26  Spire  
  128  10:27  Overlord  
  128  10:28  Overlord x6  
  127  10:35  Queen  
  129  10:45  Corruptor x3  
  129  10:46  Corruptor  
  136  10:52  Corruptor  
  136  10:54  Corruptor  
  140  11:00  Spine Crawler  
  140  11:02  Spine Crawler  
  138  11:05  Corruptor  
  142  11:13  Drone x2  
  142  11:14  Drone  
  142  11:15  Corruptor  
  141  11:46  Brood Lord x3  
  145  11:47  Brood Lord x2  
  145  11:50  Zergling x8  
  145  11:51  Zergling x8  
  148  12:07  Brood Lord x2  
  130  12:21  Corruptor x2  
  112  12:31  Corruptor x2  
  108  12:43  Corruptor x2  
  106  12:51  Overseer x2  
  106  12:58  Drone x5  
  111  13:06  Zerg Flyer Weapons Level 1  
  111  13:09  Zerg Flyer Armor Level 1, Corruptor  
  111  13:11  Hatchery  
  112  13:20  Hatchery  
  107  13:27  Zergling x6  
  107  13:28  Zergling x6  
  111  13:34  Corruptor x3  
  111  13:41  Drone x2  
  113  14:17  Corruptor x3  
  113  14:19  Corruptor x3  
  113  14:20  Corruptor x3  
  115  14:24  Zergling x6  
  115  14:29  Brood Lord  
  117  14:31  Zergling x2  
  117  14:33  Queen  
  113  14:56  Brood Lord x2  
  113  14:58  Brood Lord x2  
  121  15:02  Zergling x4  
  121  15:03  Zergling x8  
  127  15:10  Drone x2  
  129  15:16  Drone  
  129  15:19  Brood Lord x2  
  134  15:21  Zergling x4  
  134  15:22  Drone x5  
  134  15:23  Drone  
  139  15:30  Spine Crawler, Spore Crawler  
  139  15:31  Spine Crawler  
  136  15:36  Brood Lord x2  
  140  15:44  Overseer x3  
  140  16:00  Drone x4, Zergling x8  
  140  16:01  Drone, Zergling x6  
  150  16:09  Baneling  
  150  16:10  Baneling x13  
  149  16:29  Hatchery  
  140  16:36  Brood Lord  
  137  16:41  Hatchery  
  114  17:03  Brood Lord x2  
  114  17:05  Drone x3, Zergling x6  
  114  17:06  Drone x3  
  114  17:08  Extractor  
  126  17:09  Extractor  
  125  17:16  Corruptor x2  
  125  17:18  Zergling x2  
  130  17:43  Corruptor x2  
  133  17:50  Drone, Zergling x6  
  133  17:51  Drone x2, Zergling x2  
  133  18:16  Spine Crawler x2  
  133  18:18  Spine Crawler  
Show
View Real Time Build Order
Export as new Build Order

DruS Zerg 

Build Orders: Hatch First, Lurkers, Roach Hydra 

Get SALT Encoding   

  12  0:00  Drone  
  13  0:15  Drone  
  13  0:18  Overlord  
  14  0:26  Extractor  
  14  0:27  Drone  
  15  0:37  Drone x2  
  17  1:01  Drone, Hatchery  
  17  1:05  Drone  
  18  1:15  Extractor  
  17  1:20  Spawning Pool  
  17  1:24  Drone  
  17  1:27  Drone  
  17  1:31  Drone  
  19  1:41  Overlord  
  19  2:10  Zergling x4  
  19  2:11  Queen  
  19  2:13  Queen  
  25  2:15  Metabolic Boost  
  25  2:18  Zergling x2  
  25  2:22  Drone  
  27  2:30  Zergling x4  
  29  2:39  Drone  
  29  2:40  Drone  
  31  2:49  Queen  
  33  2:51  Drone  
  33  2:57  Overlord  
  34  3:04  Drone x2  
  36  3:10  Overlord  
  36  3:19  Zergling x6  
  39  3:30  Drone, Roach Warren  
  39  3:31  Drone  
  40  3:46  Lair  
  40  3:47  Drone  
  41  3:49  Drone  
  41  3:50  Extractor, Drone  
  41  3:52  Drone  
  41  3:55  Drone  
  44  3:58  Drone  
  44  4:01  Drone  
  46  4:26  Zergling x12  
  46  4:28  Overlord  
  52  4:49  Roach x4  
  52  4:52  Glial Reconstitution  
  60  4:57  Overlord x3  
  60  5:04  Spore Crawler  
  60  5:05  Spore Crawler  
  57  5:26  Roach  
  57  5:27  Roach x6  
  57  5:28  Roach  
  73  5:38  Drone  
  73  5:40  Roach x2  
  76  6:07  Roach  
  76  6:08  Roach x3  
  83  6:14  Overlord x2  
  83  6:15  Overlord  
  83  6:17  Drone  
  84  6:19  Overlord  
  70  6:53  Drone x3  
  70  6:54  Drone x6  
  71  6:57  Extractor, Drone x3  
  71  6:58  Extractor  
  71  6:59  Drone  
  77  7:12  Drone  
  77  7:13  Drone, Hatchery  
  78  7:18  Evolution Chamber  
  78  7:20  Evolution Chamber  
  78  7:22  Drone x2  
  78  7:29  Hydralisk Den  
  77  7:44  Drone x2  
  79  7:45  Zerg Missile Weapons Level 1  
  79  7:48  Zerg Ground Armor Level 1  
  79  7:51  Drone x2  
  81  8:01  Hydralisk x8  
  97  8:06  Grooved Spines  
  97  8:29  Hydralisk  
  97  8:30  Hydralisk x6  
  111  8:41  Drone x2, Lurker Den  
  110  8:42  Drone  
  113  8:52  Drone x4  
  117  9:07  Extractor x2  
  115  9:10  Spore Crawler, Overlord  
  115  9:11  Overlord  
  115  9:14  Overseer x2  
  114  9:17  Pneumatized Carapace  
  114  9:26  Muscular Augments  
  114  9:44  Lurker x2  
  114  9:45  Lurker x3  
  119  9:52  Hydralisk  
  119  9:53  Hydralisk  
  119  9:55  Zergling x2  
  119  9:56  Zergling x4  
  119  9:57  Zergling x18  
  135  10:00  Overlord x4  
  135  10:01  Overlord x2  
  133  10:31  Overseer  
  133  10:54  Drone x3  
  133  10:55  Drone x3  
  139  11:01  Zerg Ground Armor Level 2, Zerg Missile Weapons Level 2  
  139  11:07  Lurker x4  
  139  11:08  Zergling x2  
  139  11:09  Zergling x18  
  144  11:43  Hydralisk  
  144  11:44  Hydralisk x10  
  159  12:07  Hydralisk  
  159  12:08  Hydralisk x7  
  164  12:21  Hydralisk  
  164  12:22  Hydralisk x3  
  108  12:51  Hydralisk  
  108  12:52  Hydralisk x9  
  119  13:19  Infestation Pit  
  108  13:31  Hatchery  
  106  13:35  Hydralisk, Lurker x3  
  106  13:36  Hydralisk x5  
  121  14:00  Hydralisk  
  121  14:01  Hydralisk x7  
  137  14:13  Hydralisk x4  
  118  14:30  Hydralisk x2  
  118  14:31  Hydralisk x4  
  118  14:40  Hydralisk x2  
  118  14:41  Hydralisk  
  118  14:43  Zergling x16  
  118  14:44  Zergling x6  
  117  15:07  Lurker x3  
  117  15:09  Lurker  
  117  15:14  Hydralisk x3  
  121  15:17  Zergling x18  
  131  15:49  Drone x4  
  136  15:50  Drone x3  
  127  16:14  Extractor  
  127  16:15  Hydralisk  
  127  16:16  Hydralisk x7  
  127  16:17  Extractor  
  125  16:39  Hydralisk  
  123  16:40  Hydralisk x6  
  104  16:55  Hydralisk  
  104  16:56  Hydralisk x6  
  94  17:04  Lurker x3  
  94  17:07  Zergling x4  
  77  17:47  Lurker  
Show
View Real Time Build Order
Export as new Build Order

BlAcKRaPtOr Terran 

Build Orders:  

Get SALT Encoding   

  12  0:00  SCV  
  13  0:12  SCV  
  14  0:21  Supply Depot  
  14  0:25  SCV  
  15  0:30  Refinery  
  16  0:42  SCV  
  16  0:48  Barracks  
  16  0:55  SCV  
  17  0:58  Refinery  
  17  1:07  SCV  
  18  1:23  SCV  
  19  1:35  SCV  
  19  1:39  Barracks Reactor, Factory  
  20  1:47  SCV  
  21  1:54  Supply Depot  
  21  2:00  SCV  
  22  2:29  SCV  
  23  2:33  Starport  
  23  2:34  Hellion x2  
  27  2:43  SCV  
  28  2:52  Supply Depot  
  28  2:55  Hellion  
  30  3:03  SCV  
  31  3:14  Hellion, Medivac  
  31  3:15  Supply Depot  
  35  3:53  SCV  
  36  4:01  Barracks Reactor, Engineering Bay  
  36  4:05  SCV  
  36  4:06  Barracks  
  36  4:08  Widow Mine, Command Center  
  39  4:44  Widow Mine x2  
  35  4:55  SCV  
  35  4:56  Barracks Tech Lab  
  35  4:59  Terran Infantry Weapons Level 1  
  35  5:12  Missile Turret  
  34  5:14  SCV  
  34  5:17  Marine x2  
  34  5:18  Stimpack  
  36  5:40  SCV  
  37  5:44  Orbital Command  
  37  5:52  SCV  
  35  6:00  Marine x2  
  35  6:03  Viking  
  36  6:16  SCV  
  36  6:18  Marine  
  36  6:26  Barracks  
  36  6:28  SCV  
  36  6:29  Barracks  
  36  6:31  Refinery  
  37  6:33  Refinery  
  37  6:43  Orbital Command  
  37  6:52  Marine x2  
  39  6:56  Widow Mine x2  
  43  7:03  Terran Infantry Armor Level 1  
  43  7:04  Factory  
  43  7:14  SCV  
  44  7:18  Marine x2  
  44  7:19  Marine  
  47  7:26  SCV  
  48  7:37  Marauder, Marine x2  
  48  7:49  Factory Tech Lab  
  48  7:54  SCV, Marine  
  52  7:58  Marauder  
  52  8:06  SCV, Combat Shield  
  52  8:07  Marine  
  52  8:12  Marine  
  54  8:15  Armory  
  54  8:18  SCV  
  58  8:20  Marauder  
  58  8:22  Barracks Tech Lab  
  58  8:29  Barracks Reactor  
  58  8:30  SCV  
  61  8:41  Marauder  
  61  8:42  SCV  
  62  8:50  Marine x2  
  62  9:11  Marine  
  62  9:12  Viking  
  62  9:13  Marine  
  62  9:14  SCV  
  62  9:18  Marauder  
  62  9:21  Marine  
  60  9:26  SCV, Missile Turret  
  60  9:29  Drilling Claws  
  61  9:31  Marine  
  62  9:41  Missile Turret  
  62  9:47  Missile Turret  
  62  9:48  Missile Turret  
  62  9:56  Concussive Shells  
  62  10:07  Marine  
  62  10:08  Missile Turret  
  62  10:10  Marauder  
  62  10:29  Missile Turret  
  62  10:30  Marine  
  62  10:57  Supply Depot  
  62  10:58  Terran Vehicle Weapons Level 1  
  62  10:59  Marine x2  
  62  11:00  Widow Mine x2, Marauder, Terran Infantry Weapons Level 2  
  70  11:06  Command Center, Supply Depot  
  70  11:18  SCV, Marauder, Marine x3  
  74  11:21  Widow Mine  
  78  11:28  Marauder  
  78  11:30  SCV  
  80  11:40  Marauder  
  80  11:42  SCV  
  80  11:46  Marine x3  
  84  11:47  Medivac  
  86  11:55  SCV  
  86  11:57  Marauder  
  85  12:02  Marine  
  85  12:05  Marine  
  86  12:09  Marauder  
  86  12:17  Marine x2  
  86  12:18  Marauder, Medivac  
  86  12:20  Marine  
  56  12:44  Marine x3  
  56  12:45  Marine x3  
  56  12:48  Medivac  
  58  13:01  Planetary Fortress  
  58  13:02  Marine x4  
  58  13:03  Marauder x2  
  58  13:04  Missile Turret  
  66  13:17  Medivac  
  68  13:20  Marine x4  
  68  13:21  Widow Mine x3  
  68  13:25  Missile Turret  
  68  13:26  Supply Depot  
  78  13:28  Terran Infantry Armor Level 2  
  78  13:42  Widow Mine  
  61  14:23  Starport Reactor  
  43  14:38  Marine x2  
  43  14:39  Marauder, Marine x2  
  43  14:40  Marauder  
  51  14:56  Marine x3  
  51  14:57  Marine  
  55  15:01  Marauder x2  
  55  15:06  Medivac x2  
  63  15:13  SCV x2  
  65  15:14  Marine x4  
  65  15:20  SCV  
  70  15:22  Marauder x2  
  70  15:25  SCV x2  
  76  15:32  SCV, Marine  
  78  15:37  SCV x2  
  78  15:41  Terran Vehicle Weapons Level 2  
  80  15:43  Widow Mine x2  
  80  15:44  Marauder x2, Supply Depot  
  80  15:45  Supply Depot  
  80  15:46  Supply Depot  
  88  15:57  Marine x3  
  88  15:58  Marine  
  88  16:03  Barracks  
  92  16:04  Marine  
  92  16:05  Marine  
  92  16:08  Barracks  
  94  16:15  Marine x2  
  95  16:23  Marauder x2  
  83  16:29  Marine x2  
  63  16:33  Marine x2  
  60  16:40  Widow Mine x2  
  60  16:41  Widow Mine  
  60  16:44  Marine x2  
  60  16:46  Marine  
  60  16:47  Marine  
  67  16:51  Marine x2  
  69  16:56  Marine x2  
  71  17:02  Widow Mine, Marauder x2  
  71  17:04  Marine x2  
  77  17:08  Marine  
  77  17:09  Marine  
  77  17:14  Marine x2  
  81  17:22  Marine x2  
  81  17:23  Marauder, Marine  
  81  17:27  Marine  
  81  17:28  Marine  
  86  17:32  Marine  
Tags
 
Add a new tag
Caveats
  • Supply blocks, unpowered buildings, or Contaminate may cause inaccurate times.
  • Supply counts are checked every 10 seconds.